 Dungeon Crawl Stone Soup version 0.18.1-5-g4a78601 (webtiles) character file.

63 Mefis the Magician (level 3, 0/19 HPs)
             Began as a Deep Elf Wizard on May 11, 2016.
             Slain by an orc
             ... wielding a +1 hand axe of chopping
              (6 damage)
             ... on level 3 of the Dungeon.
             The game lasted 00:03:46 (1819 turns).

Mefis the Magician (Deep Elf Wizard)                Turns: 1819, Time: 00:03:47

Health: 0/19       AC:  5    Str:  4    XL:     3   Next: 87%
Magic:  1/11       EV: 13    Int: 23    God:
Gold:   75         SH:  0    Dex: 13    Spells: 5 memorised, 2 levels left

rFire  . . .     SeeInvis .     r - staff of wizardry
rCold  . . .     Gourm    .     a - +0 robe
rNeg   . . .     Faith    .     (no shield)
rPois  .         Spirit   .     i - +1 hat
rElec  .         Dismiss  .     (no cloak)
rCorr  .         Reflect  .     p - +1 pair of gloves
SustAt .         Harm     .     (no boots)
MR     .....                    (no amulet)
Stlth  ++........               (no ring)
                                (no ring)

@: repel missiles, not resistant to hostile enchantments, unstealthy
A: no striking features
a: no special abilities


You were on level 3 of the Dungeon.
You were hungry.

You visited 1 branch of the dungeon, and saw 3 of its levels.

You collected 75 gold pieces.

Inventory:

Hand Weapons
 f - a +0 dagger
 q - a +0 shortbow
Missiles
 l - 33 arrows
Armour
 a - a +0 robe (worn)
 b - a +0 hat
 i - a +1 hat (worn)
 p - a +1 pair of gloves (worn)
Magical Staves
 r - an uncursed staff of wizardry (weapon)
Scrolls
 g - 4 scrolls of identify {unknown}
 h - a scroll of blinking {unknown}
 n - a scroll of random uselessness {unknown}
 o - a scroll of amnesia {unknown}
 s - a scroll of magic mapping {unknown}
Potions
 e - a potion of flight {unknown}
 k - a potion of curing {unknown}
 m - a potion of brilliance {unknown}
Books
 c - a book of Minor Magic

   Spells                             Type                      Level
   a - Magic Dart                     Conjuration                  1
   b - Blink                          Translocation                2
   c - Call Imp                       Summoning                    2
   d - Repel Missiles                 Charms/Air                   2
   e - Slow                           Hexes                        2
   f - Conjure Flame                  Conjuration/Fire             3
   g - Mephitic Cloud                 Conjuration/Poison/Air       3
Comestibles
 d - 2 bread rations
 j - a beef jerky


   Skills:
 + Level 2.8 Dodging
 + Level 3.5 Stealth
 + Level 5.0 Spellcasting
 + Level 2.1 Conjurations
 + Level 1.3 Summonings
 - Level 1.1 Translocations
 + Level 0.4 Poison Magic


You had 2 spell levels left.
You knew the following spells:

 Your Spells              Type           Power        Failure   Level  Hunger
a - Magic Dart            Conj           ###.         1%          1    None
b - Call Imp              Summ           ##......     4%          2    None
c - Blink                 Tloc           N/A          4%          2    None
d - Repel Missiles        Chrm/Air       #.....       7%          2    None
e - Mephitic Cloud        Conj/Pois/Air  #.......     9%          3    ##.....


Dungeon Overview and Level Annotations

Branches:
Dungeon (3/15)

Altars:


Message History

You see here 13 gold pieces.
Your crimson imp barely misses the worm.
Your crimson imp barely misses the worm.
The worm bites your crimson imp!
Your crimson imp hits the worm.
Your crimson imp barely misses the worm. x2
The worm closely misses your crimson imp.
Your crimson imp hits the worm but does no damage.
Your crimson imp hits the worm.
The worm closely misses your crimson imp.
You hit the orc but do no damage.
Your crimson imp barely misses the worm.
Your crimson imp hits the worm.
The orc hits you with a hand axe of chopping.
Your crimson imp hits the worm.
Your crimson imp blinks!
You hit the orc but do no damage. The worm misses your crimson imp.
Your crimson imp hits the worm but does no damage.
The orc hits you with a hand axe of chopping.
You die...

#.....[.. #####
#........
#...#####........
##......##........
#.§.w##..§........
#.w..#####........
#5#### #........
#.# ####.##.# #@#
#.##.# #o# #.##.<
#.# #.###. #.# #.#
#. #.# #. #.# #.
#.# #. #o# #. ..


You could see a worm, 2 orcs and a friendly crimson imp.

Vanquished Creatures
  2 adders
  2 dart slugs (D:1)
  2 giant geckos
  An orc (D:3)
  A giant cockroach (D:1)
  4 hobgoblins
  7 kobolds
  6 bats
  2 giant newts (D:1)
  4 goblins
  5 rats
36 creatures vanquished.

Notes
Turn   | Place    | Note
--------------------------------------------------------------
     0 | D:1      | Mefis the Deep Elf Wizard began the quest for the Orb.
     0 | D:1      | Reached XP level 1. HP: 10/10 MP: 7/7
   352 | D:1      | Reached XP level 2. HP: 15/15 MP: 6/9
   565 | D:1      | Learned a level 2 spell: Call Imp
   568 | D:1      | Learned a level 2 spell: Blink
   571 | D:1      | Learned a level 2 spell: Repel Missiles
  1167 | D:2      | Reached XP level 3. HP: 19/19 MP: 9/11
  1174 | D:2      | Learned a level 3 spell: Mephitic Cloud
  1496 | D:2      | Reached skill level 5 in Spellcasting
  1819 | D:3      | Slain by an orc

Skill      XL: |  1  2  3 |
---------------+----------+-----
Stealth        | 3 |  3.5
Conjurations   | 2 |  2.1
Spellcasting   | 5 |  5.0
Dodging        | |  2.8
Summonings     | |  1.3
Translocations | |  1.1
Poison Magic   | |  0.4

Action                   || total
-------------------------++-------
Melee: Unarmed           ||     3
       Dagger            ||     4
       Staff             ||     6
 Cast: Magic Dart        ||    91
       Repel Missiles    ||     1
       Call Imp          ||     3
 Stab: Sleeping          ||     1
  Eat: Chunk             ||     2
Armor: Robe              ||     2
Dodge: Dodged            ||    17
       Deflected         ||     2
